Map: Frostline LE

Players

ArtOfProtoss

  • Race: Protoss Protoss
  • Spawn Location: 1:00

wootwoot - Winner!

  • Race: Terran Terran
  • League: Diamond
  • Spawn Location: 7:00

VOD

Have the link to the VOD?

Description

Time

  • Played on: April 22, 2025, 10:01 a.m.
  • Length: 3:36
Show
View Real Time Build Order
Export as new Build Order

ArtOfProtoss Protoss 

Build Orders: 1 Gate Expand 

Get SALT Encoding   

  12  0:00  Probe  
  13  0:12  Probe  
  14  0:20  Pylon  
  14  0:24  Probe  
  15  0:30  Assimilator  
  15  0:34  Probe  
  16  0:43  Gateway, Probe  
  17  0:53  Probe  
  18  1:05  Probe  
  19  1:17  Probe  
  20  1:24  Nexus  
  20  1:33  Cybernetics Core  
  20  1:35  Probe  
  21  1:42  Zealot  
  23  1:48  Assimilator  
  22  2:01  Pylon  
  22  2:07  Probe  
  23  2:11  Stalker  
  25  2:23  Shield Battery  
  23  2:34  Gateway  
  23  2:35  Stalker  
  23  2:39  Shield Battery  
Show
View Real Time Build Order
Export as new Build Order

wootwoot Terran - Winner!

Build Orders:  

Get SALT Encoding   

  12  0:00  SCV  
  13  0:12  SCV  
  14  0:18  Supply Depot  
  14  0:24  SCV  
  15  0:45  Barracks  
  15  0:57  Barracks  
  15  1:03  Barracks  
  15  1:07  SCV  
  16  1:31  Marine  
  17  1:37  Barracks  
  17  1:44  Marine  
  18  1:47  Supply Depot  
  18  1:50  Marine x2  
  20  1:57  Bunker  
  20  2:02  Marine  
  20  2:08  Marine  
  22  2:09  Bunker  
  22  2:20  Bunker  
  22  2:22  Marine x2  
  24  2:27  Marine  
  24  2:29  Marine  
  26  2:39  Marine  
  26  2:40  Marine  
  25  2:45  Marine  
  25  2:47  Marine  
  26  2:57  Marine x2  
  28  3:04  Marine x2  
  28  3:15  Marine x2  
Tags
 
League
Diamond
Matchup
PvT
Replay Pack
#1B2M-Replays
Spawn Locations
Cross Positions
Add a new tag
Caveats
  • Supply blocks, unpowered buildings, or Contaminate may cause inaccurate times.
  • Supply counts are checked every 10 seconds.